 Dungeon Crawl Stone Soup version 0.29-a0-243-g602b31c20e (webtiles) character file.

Game seed: 4366923229370275645

546 Ajdolov the Insei (level 7, 0/47 HPs)
             Began as an Octopode Transmuter on Mar 4, 2022.
             Slain by a kobold
             ... wielding a +0 dagger of venom
              (4 damage)
             ... on level 4 of the Dungeon.
             The game lasted 00:08:37 (5586 turns).

Ajdolov the Insei (Octopode Transmuter)             Turns: 5586, Time: 00:08:38

Health: 0/47       AC:  1    Str:  9    XL:     7   Next: 28%
Magic:  10/10      EV: 13    Int: 24    God:
Gold:   255        SH:  0    Dex: 12    Spells: 1/10 levels left

rFire   . . .      SeeInvis .     - Unarmed
rCold   . . .      Faith    .   (no shield)
rNeg    . . .      Spirit   .   (helmet restricted)
rPois   .          Reflect  .   (no amulet)
rElec   .          Harm     .   h - +6 ring of intelligence
rCorr   .          Rampage  .   (no ring)
Will    .....                   (no ring)
Stlth   +++.......              (no ring)
HPRegen 0.15/turn               (no ring)
MPRegen 0.12/turn               (no ring)
                                (no ring)
                                (no ring)

@: weak-willed
A: almost no armour, amphibious, 8 rings, camouflage 1, gelatinous body 1,
(nimble swimmer 1), tentacles
a: no special abilities


You were on level 4 of the Dungeon.
You visited 1 branch of the dungeon, and saw 4 of its levels.

You collected 255 gold pieces.

Inventory:

Jewellery
 h - a +6 ring of intelligence (left tentacle)
Scrolls
 a - 2 scrolls of vulnerability
 b - a scroll of summoning {unknown}
 f - a scroll of immolation {unknown}
 g - 2 scrolls of fog {unknown}
 i - a scroll of teleportation {unknown}
 k - 3 scrolls of identify {unknown}
 l - a scroll of holy word {unknown}
 m - a scroll of blinking {unknown}
Potions
 c - a potion of curing {unknown}
 d - 2 potions of degeneration {unknown}
 e - a potion of berserk rage {unknown}
 j - 2 potions of haste {unknown}


   Skills:
 + Level 3.9 Fighting
 - Level 2.0 Dodging
 - Level 3.3 Stealth
 * Level 6.4 Unarmed Combat
 - Level 2.0 Spellcasting
 - Level 2.3 Transmutations


You had one spell level left.
You knew the following spells:

 Your Spells              Type           Power      Damage    Failure   Level
a - Beastly Appendage     Tmut           26%        N/A       4%          1
b - Spider Form           Tmut/Pois      7%         N/A       22%         3
c - Ice Form              Ice/Tmut       7%         N/A       58%         4
d - Sandblast             Erth           4%         2d4       12%         1

Your spell library contained the following spells:

 Spells                   Type           Power      Damage    Failure   Level
 Wereblood                Tmut           13%        N/A       7%          2
 Passwall                 Tmut/Erth      5%         N/A       12%         2
 Stone Arrow              Conj/Erth      4%         3d7       34%         3


Dungeon Overview and Level Annotations

Branches:
Dungeon (4/15)
 Temple: D:4-7

Altars:

Annotations:
D:2 1 runed translucent door, Crazy Yiuf


Innate Abilities, Weirdness & Mutations

You cannot wear most types of armour.
You are amphibious.
You can wear up to eight rings at the same time.
Your skin changes colour to match your surroundings (Stealth+).
Your rubbery body absorbs attacks. (AC +1, EV +1)
((You are camouflaged when in or above water. (Stealth+)))
You have tentacles for arms and can constrict up to eight enemies at once.


Message History

You tentacle-slap the adder but do no damage.
Your grab misses the adder. You tentacle-slap the adder.
The adder is moderately wounded.
You feel sick.
You are no longer poisoned.
The orc hits you with a +0 mace. The adder bites you.
You closely miss the adder. Your grab misses the adder. You squeeze the adder!
You kill the adder!
The orc barely misses you. The orc hits you with a +0 mace.
The quokka bites you. The orc completely misses you.
There is an open door here.
An endoplasm comes into view.
Found a rapier and 27 gold pieces.
A dart slug comes into view.
An adder comes into view.
A phantom and a kobold come into view.
The kobold is wielding a +0 dagger of venom.
The quokka barely misses you.
There is an open door here.
The endoplasm hits you. The endoplasm freezes you.
You are frozen.
The phantom closely misses you. The quokka bites you. The phantom hits you.
* * * LOW HITPOINT WARNING * * *
The quokka bites you.
* * * LOW HITPOINT WARNING * * *
Found a brass wand and 15 stones.
The quokka closely misses you.
There is an open door here.
A hound and a gnoll shaman come into view.
An endoplasm comes into view.
The gnoll shaman moves out of view.
As you read the scroll labelled FEHIEG JILULES, it crumbles to dust.
The hound barks!
The endoplasm quivers.
Magic quickly surges around you.
It was a scroll of vulnerability.
The phantom hits you.
* * * LOW HITPOINT WARNING * * *
The kobold hits you with a +0 dagger of venom.
You die...

÷......##..# .w...##O...#
#.####.##'# .S....'....#
#'######.S ..8...##..##
...#..# ......##'##
...)..# .....##O.##
...#..# #$$)##o...#
#)#########. #####rS...#
#.##.##..#...g##.W##..###
......#..#.h..'.@K.####.#
......#..##J.##....#....#
..<...#...######(/##.>..#
......#......# ####.....#
###..###.....# ##...##
###..###.....#######...##
.#...).......#..........#
.#...........#..........#
.#...........'.......†..#


You could see a phantom (weak-willed), an ogre (weak-willed), a gnoll shaman
(weak-willed), a hound (weak-willed), an adder (weak-willed), an orc
(weak-willed), an endoplasm (weak-willed), a quokka (weak-willed) and a kobold
(weak-willed).

Vanquished Creatures
  An ogre (D:4)
  A bullfrog (D:4)
  A howler monkey (D:3)
  2 hounds
  Jessica (D:2)
  4 orc wizards
  5 adders
  A gnoll (D:1)
  An ufetubus (D:4)
  2 worms
  4 dart slugs
  12 orcs
  8 endoplasms
  2 giant cockroaches
  4 goblins
  5 hobgoblins
  5 quokkas
  14 ball pythons
  4 bats
  8 frilled lizards
  8 kobolds
  9 rats
102 creatures vanquished.

Vanquished Creatures (others)
  2 fungi (D:1)
  A plant (D:1)
3 creatures vanquished.

Grand Total: 105 creatures vanquished

Notes
Turn   | Place    | Note
-------+----------+-------------------------------------------
     0 | D:1      | Ajdolov the Octopode Transmuter began the quest for the
                  | Orb.
     0 | D:1      | Reached XP level 1. HP: 13/13 MP: 3/3
   314 | D:1      | Reached XP level 2. HP: 18/18 MP: 5/5
   343 | D:1      | Found a faded altar of an unknown god.
  1150 | D:1      | Reached skill level 1 in Stealth
  1150 | D:1      | Reached XP level 3. HP: 18/24 MP: 4/6
  1226 | D:1      | Learned a level 3 spell: Spider Form
  1759 | D:2      | Reached skill level 4 in Unarmed Combat
  1905 | D:2      | Noticed Jessica
  1920 | D:2      | Killed Jessica
  1921 | D:2      | Reached XP level 4. HP: 10/29 MP: 1/7
  2730 | D:2      | Found a runed translucent door.
  2731 | D:2      | Noticed Crazy Yiuf
  2774 | D:3      | Identified the +4 war axe of the Sun {vamp, *Rage rPois rC+
                  | SInv}
  3058 | D:3      | Identified the +3 robe "Maxiep Moso" {rN+ Regen+ Str+4
                  | Dex-4}
  3124 | D:3      | Reached XP level 5. HP: 33/35 MP: 5/8
  3166 | D:3      | Learned a level 4 spell: Ice Form
  3386 | D:3      | Reached skill level 5 in Unarmed Combat
  3700 | D:3      | Reached XP level 6. HP: 9/42 MP: 5/9
  4613 | D:3      | Learned a level 1 spell: Sandblast
  5147 | D:4      | Reached skill level 6 in Unarmed Combat
  5231 | D:4      | Reached XP level 7. HP: 22/47 MP: 5/10
  5586 | D:4      | Slain by a kobold

Illustrated notes

Levels and vault maps discovered:
D:1:      shiori_arrival_oz, layout_basic, shapermc_ecumenical_altar_gd
D:2:      layout_rooms, nrook_uturn, uniq_jessica, uniq_crazy_yiuf_cottage
D:3:      minmay_evil_eye, layout_loops_ring, st_stairs_1,
          chequers_serial_rivers_micro_d
D:4:      minmay_bubble_buster, layout_gridville, uniq_grinder, uniq_edmund

Skill      XL: |  1  2  3  4  5  6 |
---------------+-------------------+-----
Stealth        | 1 2 3 |  3.3
Unarmed Combat | 4 5 6 |  6.4
Fighting       | 2 3 |  3.9
Dodging        | |  2.0
Spellcasting   | |  2.0
Transmutations | |  2.3

Action                   |  1- 3 |  4- 6 |  7- 9 || total
-------------------------+-------+-------+-------++-------
Melee: Unarmed           |    71 |   162 |    18 ||   251
       Constrict         |    14 |    16 |     2 ||    32
       Tentacles         |    17 |    22 |     2 ||    41
       Kick              |     3 |       |       ||     3
       Punch             |       |     3 |     3 ||     6
 Cast: Beastly Appendage |     1 |       |       ||     1
       Spider Form       |     2 |    11 |     1 ||    14
  Use: Scroll            |       |       |     1 ||     1
 Stab: Sleeping          |     6 |     8 |     2 ||    16
Armor: Skin              |     8 |     7 |     2 ||    17
Dodge: Dodged            |    54 |    96 |    21 ||   171

Table legend: (Time is in decaauts)
 A = Elapsed time spent in this place.
 B = Non-inter-level travel time spent in this place.
 C = Inter-level travel time spent in this place.
 D = Time resting spent in this place.
 E = Time spent auto-exploring this place.
 F = Levels seen in this place.
 G = Mean time per level.
                   A        B        C        D        E       F      G
               +--------+--------+--------+--------+--------+-----+--------+
         Total |   5565 |   5432 |    133 |   1832 |   2646 |   4 | 1391.2 |
       Dungeon |   5565 |   5432 |    133 |   1832 |   2646 |   4 | 1391.2 |
               +--------+--------+--------+--------+--------+-----+--------+

Top non-repeatable levels by time:
     D:3: 1694 daAuts
     D:1: 1627 daAuts
     D:2: 1308 daAuts
     D:4: 934 daAuts
